 Dungeon Crawl Stone Soup version 0.16.1-12-gf5c4a84 (webtiles) character file.

104 PersonB the Chopper (level 4, -2/37 HPs)
             Began as a Hill Orc Skald on Apr 10, 2015.
             Slain by an adder (5 damage)
             ... on level 2 of the Dungeon.
             The game lasted 00:09:47 (3030 turns).

PersonB the Chopper (Hill Orc Skald)                Turns: 3030, Time: 00:09:47

Health: -2/37      AC:  3    Str: 14    XL:     4   Next: 80%
Magic:  6/6        EV: 10    Int: 13    God:
Gold:   90         SH:  3    Dex: 10    Spells: 3 memorised, 0 levels left

rFire  + . .     SeeInvis .     a - +0 hand axe
rCold  . . .     Clarity  .     m - +0 leather armour {rF+}
rNeg   . . .     SustAb   .     p - +0 buckler
rPois  .         Gourm    .     (no helmet)
rElec  .         Spirit   .     (no cloak)
rCorr  .         Warding  .     (no gloves)
rMut   .         Stasis   .     (no boots)
MR     .....                    (no amulet)
Stlth  +.........               (no ring)
                                (no ring)

@: lethally poisoned (-2 -> -14), hasted, very quick, not resistant to hostile
enchantments, very unstealthy
A: no striking features
a: no special abilities


You were on level 2 of the Dungeon.
You were not hungry.

You visited 1 branch of the dungeon, and saw 2 of its levels.

You collected 90 gold pieces.

Inventory:

Hand weapons
 a - a +0 hand axe (weapon)
 i - a +0 dagger
Missiles
 e - 23 stones (quivered)
 f - a throwing net
Armour
 m - a +0 leather armour of fire resistance (worn)
 p - a +0 buckler (worn)
Magical staves
 k - an uncursed staff of wizardry
Jewellery
 h - an uncursed ring of poison resistance {unknown}
Magical devices
 b - a wand of frost (30)
Scrolls
 g - a scroll of immolation
 n - a scroll of noise {unknown}
 o - a scroll of magic mapping {unknown}
Potions
 l - a potion of heal wounds {unknown}
Books
 c - a book of Battle

   Spells                             Type                      Level
   a - Infusion                       Charms                       1
   b - Shroud of Golubria             Charms/Translocation         2
   c - Song of Slaying                Charms                       2
   d - Spectral Weapon                Hexes/Charms                 3
   e - Regeneration                   Charms/Necromancy            3
Comestibles
 d - a meat ration


   Skills:
 - Level 2.4 Fighting
 * Level 5.6 Axes
 - Level 1.1 Armour
 - Level 0.7 Dodging
 * Level 0.4 Shields
 + Level 1.9 Spellcasting
 - Level 3.0 Charms


You couldn't memorise any spells.
You knew the following spells:

 Your Spells              Type           Power        Failure   Level  Hunger
a - Infusion              Chrm           #.....       14%         1    ##.....
b - Song of Slaying       Chrm           #.......     21%         2    ###....
c - Regeneration          Chrm/Necr      #.........   80%         3    ####...


Dungeon Overview and Level Annotations

Branches:
Dungeon (2/15)

Altars:


Message History

* * * LOW HITPOINT WARNING * * *
You closely miss the adder.
The adder is heavily wounded.
* * * LOW HITPOINT WARNING * * *
You feel sick. The adder closely misses you.
You barely miss the adder.
The adder is heavily wounded.
The adder barely misses you.
You barely miss the adder.
The adder is heavily wounded.
* * * LOW HITPOINT WARNING * * *
You feel sick. The adder bites you.
* * * LOW HITPOINT WARNING * * *
You are more poisoned.
The adder poisons you! The adder bites you but does no damage.
Drink which item? (? for menu, Esc to quit)
It was a potion of haste.
You feel yourself speed up.
* * * LOW HITPOINT WARNING * * *
You feel sick. The adder bites you.
You die...

.#..#...#.# #..#...P......P..
....#...#.# .####..#.............
.#..#...#.##....#..##............
........#.##....#..##..P......P..
................#..##...........#
.#.####.#.##....#........P..P...#
................#..##.#.........#
.#.####.#.......#..##...........#
.#.####.........@.....##......###
.#..<..........S#.###.#########
.#..#####...#...#.# #.#
................#.# ###
.#..##########.#### .#..# #(#
.#<.#### #.# .#.....# #.#
##..#### .#


You could see an adder.

Vanquished Creatures
  4 adders (D:2)
  2 worms (D:2)
  8 bats
  2 giant cockroaches
  11 goblins
  6 hobgoblins (D:1)
  5 kobolds
  A giant gecko (D:1)
  6 giant newts
  4 jackals (D:2)
  A quokka (D:1)
  8 rats
58 creatures vanquished.

Notes
Turn   | Place    | Note
--------------------------------------------------------------
     0 | D:1      | PersonB, the Hill Orc Skald, began the quest for the Orb.
     0 | D:1      | Reached XP level 1. HP: 18/18 MP: 2/2
   114 | D:1      | Reached skill level 3 in Axes
   200 | D:1      | Reached XP level 2. HP: 13/25 MP: 3/3
   359 | D:1      | Learned a level 2 spell: Song of Slaying
   677 | D:1      | Reached skill level 4 in Axes
   713 | D:1      | Reached XP level 3. HP: 22/30 MP: 5/5
  1825 | D:2      | Reached skill level 5 in Axes
  1825 | D:2      | Reached XP level 4. HP: 19/37 MP: 3/6
  2053 | D:2      | Learned a level 3 spell: Regeneration
  3030 | D:2      | Slain by an adder

Action                   |  1- 3 |  4- 6 || total
-------------------------+-------+-------++-------
Melee: Hand axe          |   133 |    99 ||   232
 Cast: Infusion          |     6 |     1 ||     7
       Song of Slaying   |     2 |     2 ||     4
  Use: Scroll            |     3 |       ||     3
       Potion            |       |     1 ||     1
  Eat: Chunk             |     3 |     2 ||     5
       Bread ration      |       |     1 ||     1
